MarvinPA, chaotic female human Rogue --------- |.......| ........| |<......| |........# +.......|# ---.-----# # # # ### # ### --------- # |.......| ' ##-.......| @ +####|.......| ######d###### #........| ################|.......| --------- MarvinPA the Cutpurse Experience level: 5 Strength: 14 Dexterity: 18 Constitution: 16 Intelligence: 11 Wisdom: 10 Charisma: 8 Health: 0(51) Energy: 16(16) Def: 3 Gold: 902 Moves: 3339 Dungeon seed: pSLLILNCjPP1NeV1 Game ID: MarvinPA_1443144041 Your Inventory: Coins $ - 902 gold pieces Amulets D - a cursed amulet versus poison Weapons a - a corroded +0 short sword (weapon in hand) b - 10 +0 daggers (in quiver) n - 2 +0 orcish daggers F - 6 blessed +0 darts Armor e - an uncursed +1 leather armor (being worn) q - an uncursed +0 orcish helm Comestibles J - an uncursed lizard corpse Scrolls k - an uncursed scroll of confuse monster l - an uncursed scroll of magic mapping s - an uncursed scroll of scare monster v - a blessed scroll of identify w - an uncursed scroll of remove curse B - a blessed scroll of teleportation E - a cursed scroll of earth G - an uncursed scroll of earth H - an uncursed scroll of identify Potions c - an uncursed potion of sickness g - an uncursed potion of enlightenment A - an uncursed potion of fruit juice C - an uncursed potion of extra healing I - an uncursed potion of booze Rings x - an uncursed ring of levitation Tools d - an uncursed lock pick f - an uncursed sack j - an uncursed blindfold Spells and supernatural/magical abilities: Name Level Category Fail Memory W - pray for help -- divine ? -- Your skills at the end: Fighting Skills Weapon Skills dagger [Basic] short sword [Basic] dart [Basic] Spellcasting Skills Final Attributes: You were piously aligned. You were telepathic. You were stealthy. You are dead. Vanquished creatures: 10 leprechauns a lizard a blue jelly 2 shriekers a kobold mummy a gray ooze 2 floating eyes a kitten 2 kobold lords a giant bat 2 orc zombies a wererat 2 acid blobs a hobbit a large kobold a hobgoblin 3 giant rats 3 cave spiders a brown mold a yellow mold 4 jackals a kobold 4 goblins 2 grid bugs 3 bats 4 lichens a kobold zombie 6 newts 63 creatures vanquished. Voluntary challenges: You used a wielded weapon 99 times, starting on turn 4. You read items or engraved 117 times, starting on turn 343. You never genocided any monsters. You never polymorphed an object. You never changed form. You used no wishes. You never split a pudding. You wrote Elbereth's name 113 times, starting on turn 343. You never violated your personal moral code. You disabled loading bones files. Dungeon overview: The Dungeons of Doom: levels 1 to 8 Level 1 an altar to Issek, many fountains a long staircase Level 2 Level 3 stairs to The Gnomish Mines Level 4 a delicatessen Level 5 Level 6 a fountain Level 7 Level 8 <- You were here The Gnomish Mines: Level 4 stairs to The Dungeons of Doom History has recorded: On T:1 you entered the Dungeons of Doom to retrieve the Amulet of Yendor! On T:619 you reached level 2 of The Dungeons of Doom. On T:620 you advanced to experience level 2. On T:1005 you reached level 3 of The Dungeons of Doom. On T:1141 you advanced to experience level 3. On T:1231 you reached level 1 of The Gnomish Mines. On T:1252 you reached level 4 of The Dungeons of Doom. On T:1611 you reached level 5 of The Dungeons of Doom. On T:2145 you reached level 6 of The Dungeons of Doom. On T:2235 you advanced to experience level 4. On T:2766 you reached level 7 of The Dungeons of Doom. On T:3045 you advanced to experience level 5. On T:3121 you reached level 8 of The Dungeons of Doom. Score breakdown: Gold: 902 (10054 points) Experience: 5 levels (11141 points) Exploration: 8 levels ( 17.39%) (11832 points) Discoveries: 2 items ( 0.67%) ( 2457 points) Valuables value: (no points given unless you survive) Artifact value: 0 ( 0 points) Variety of kills: 28 monsters ( 7.35%) ( 8132 points) Turncount: 3339 turns ( -758 points) Survival: died (score multiplied by 80%) Total score: 34286 Latest messages: The 1st dagger hits the blue jelly. The 2nd dagger hits the blue jelly. Something is written here in the dust. You read: "E?|c c ?E|bc ?nL|b re". The rope golem hits! (2x) You die... Final status: Goodbye MarvinPA the Rogue, killed by a rope golem... You died in The Dungeons of Doom on dungeon level 8 with 34286 points, and 902 pieces of gold, after 3339 moves. You were level 5 with a maximum of 51 hit points when you died.